AoeStats
← Tt5

Migration

510257018Analyzed
1v1 RM · 14h ago on Sep 30, 2026· 52m 3s· 2 players
Game mode
Random Map
Map size
132×132
Population
200
Speed
Normal
Resources
Standard
Victory
Conquest
Starting age
Dark Age
Ending age
Imperial Age
RankedLock teamsTeams togetherTeam positionsShared explorationLock speedFull tech treeHidden civsTurbo modeCheats
Victory
Defeat
🇲🇽 Huns · Mexico
517
+16
🇨🇦 Vikings · Canada
519
-16
arq.juanfloresu
13:47 Feudal Age
14:14 Double-Bit Axe
15:47 Fishing Lines
18:45 Castle Age
17:40 Wheelbarrow
17:13 Gold Mining
17:28 Stone Mining
17:37 Fletching
19:13 Horse Collar
20:43 Bow Saw
22:20 Gillnets
24:13 Gold Shaft Mining
25:55 Hand Cart
26:58 Ballistics
26:33 Murder Holes
27:11 Bodkin Arrow
27:17 Padded Archer Armor
33:41 Imperial Age
31:33 Leather Archer Armor
31:28 Forging
31:24 Scale Barding Armor
34:03 Iron Casting
35:24 Parthian Tactics
37:02 Chemistry
36:25 Chain Barding Armor
38:08 Blast Furnace
37:09 Bracer
37:45 Plate Barding Armor
37:57 Heavy Cavalry Archer
40:30 Masonry
51:19 Scale Mail Armor
51:27 Spies/Treason
Tt5
0:48 Loom
12:52 Feudal Age
19:14 Castle Age
17:01 Town Watch
21:06 Murder Holes
23:05 Careening
25:34 Fletching
27:46 Ballistics
27:26 Bodkin Arrow
37:31 Imperial Age
40:20 Chemistry
45:43 Conscription
Connection lost

Rejoining the realm…

Still unreachable

The connection could not be restored.

Session expired

The server has moved on; the page needs a fresh start.